 Dungeon Crawl Stone Soup version 0.21-a0-64-g1c0f2e3 (webtiles) character file.

830 Ordine the Magician (level 7, 0/41 HPs)
             Began as an Octopode Wizard on June 17, 2017.
             Succumbed to a worker ant's poison
             ... on level 5 of the Dungeon.
             The game lasted 00:21:22 (7111 turns).

Ordine the Magician (Octopode Wizard)               Turns: 7111, Time: 00:21:22

Health: 0/41       AC:  2    Str:  6 (7)  XL:     7   Next: 97%
Magic:  1/15       EV: 13    Int: 19 (22) God:
Gold:   306        SH:  0    Dex:  7 (10) Spells: 8/17 levels left

rFire    + . .     SeeInvis +   e - +1 spear
rCold    + . .     Gourm    .   (no shield)
rNeg     + . .     Faith    .   a - +1 hat
rPois    +         Spirit   .   (no amulet)
rElec    +         Reflect  .   k - ring of see invisible
rCorr    +         Harm     .   m - ring of positive energy
MR       +....                  w - ring of protection from magic
Stlth    +++.......             (no ring)
HPRegen  0.13/turn              (no ring)
MPRegen  0.14/turn              (no ring)
                                (no ring)
                                (no ring)

@: lethally poisoned (0 -> -16), resistant
A: almost no armour, stealthy swim, amphibious, 8 rings, constrict 8, camouflage
1, gelatinous body 1
a: no special abilities


You were on level 5 of the Dungeon.
You were very hungry.

You visited 1 branch of the dungeon, and saw 6 of its levels.

You collected 306 gold pieces.

Inventory:

Hand Weapons
 e - a +1 spear (weapon)
Missiles
 l - 182 stones (quivered)
Armour
 a - a +1 hat (worn)
Jewellery
 k - a ring of see invisible (left tentacle)
 m - a ring of positive energy (right tentacle)
 w - a ring of protection from magic (on tentacle)
Scrolls
 d - 2 scrolls of amnesia
 h - 3 scrolls of remove curse
 s - a scroll of magic mapping
 t - a scroll of enchant armour
Potions
 f - a potion of cancellation
 n - 2 potions of might
 p - a potion of agility
Books
 b - a book of Minor Magic

   Spells                             Type                      Level
   a - Magic Dart                     Conjuration                  1
   b - Blink                          Translocation                2
   c - Call Imp                       Summoning                    2
   d - Slow                           Hexes                        2
   e - Conjure Flame                  Conjuration/Fire             3
   f - Mephitic Cloud                 Conjuration/Poison/Air       3
Comestibles
 c - 4 bread rations
 g - 4 royal jellies
 r - 2 meat rations
 u - a fruit


   Skills:
 + Level 3.0 Dodging
 - Level 4.0 Stealth
 * Level 5.6 Spellcasting
 + Level 3.6 Conjurations
   Level 1.0 Summonings
 - Level 2.0 Translocations
 + Level 3.0 Fire Magic
 + Level 2.7 Air Magic


You had 8 spell levels left.
You knew the following spells:

 Your Spells              Type           Power        Failure   Level  Hunger
a - Magic Dart            Conj           ###.         2%          1    None
b - Blink                 Tloc           N/A          8%          2    None
c - Conjure Flame         Conj/Fire      ###.....     9%          3    ##.....
d - Mephitic Cloud        Conj/Pois/Air  ##......     14%         3    ##.....


Dungeon Overview and Level Annotations

Branches:
Dungeon (6/15)
 Temple: D:4-7

Altars:
Makhleb
Qazlal
Xom


Innate Abilities, Weirdness & Mutations

You cannot wear most types of armour.
You are very stealthy in the water. (Stealth+)
You are amphibious.
You can wear up to eight rings at the same time.
You can use your tentacles to constrict eight enemies at once.
Your skin changes colour to match your surroundings (Stealth+).
Your rubbery body absorbs attacks. (AC +1, EV +1)


Message History

You don't have enough magic to cast that spell.
Unknown command.
You hit the worker ant. Your grab misses the worker ant.
The worker ant is almost dead.
* * * LOW HITPOINT WARNING * * *
You feel sick. The worker ant barely misses you.
You completely miss the worker ant. Your grab misses the worker ant.
You squeeze the worker ant, but do no damage.
The worker ant is almost dead.
The worker ant bites you.
* * * LOW HITPOINT WARNING * * *
The worker ant bites you.
* * * LOW HITPOINT WARNING * * *
You are more poisoned.
The worker ant poisons you!
Unknown command.
Unknown command.
You hit the worker ant. Your grab misses the worker ant.
The worker ant is almost dead.
You die...

.........########.##....#
.........##.......####.##
.........#####.#### #.#
(........#####.# #.#
...............# #.#
(.........####.# #.#
#########.##.### #.#
#########.##.##### #.#
...............a@# #.#
#########.##.#########.##
........................#
#.#####.####.#########.##
#.##.##.# #.# #.#
#.##'##'####.# #.#
..........##.# ###
.............#
..........####


You could see a worker ant.

Vanquished Creatures
  A water moccasin (D:5)
  A necrophage (D:5)
  A centaur (D:5)
  A bullfrog (D:6)
  A crimson imp (D:5)
  A hound (D:4)
  An orc priest (D:4)
  Jessica (D:3)
  An iguana (D:4)
  3 orc wizards
  2 worker ants
  8 gnolls
  2 adders (D:3)
  An adder skeleton (D:4)
  A worm (D:4)
  3 dart slugs
  3 leopard geckos
  16 orcs
  A ball python (D:3)
  13 giant cockroaches
  5 hobgoblins
  6 jackals
  A quokka (D:1)
  11 bats
  7 frilled lizards
  11 goblins
  7 kobolds
  2 leopard gecko skeletons (D:4)
  A quokka skeleton (D:4)
  16 rats
129 creatures vanquished.

Notes
Turn   | Place    | Note
-------+----------+-------------------------------------------
     0 | D:1      | Ordine the Octopode Wizard began the quest for the Orb.
     0 | D:1      | Reached XP level 1. HP: 11/11 MP: 4/4
   342 | D:1      | Reached XP level 2. HP: 11/17 MP: 0/6
   406 | D:1      | Learned a level 2 spell: Blink
   752 | D:1      | Reached XP level 3. HP: 21/21 MP: 0/7
   785 | D:1      | Learned a level 3 spell: Conjure Flame
  1353 | D:2      | Found a burning altar of Makhleb.
  1700 | D:2      | Reached XP level 4. HP: 27/27 MP: 3/9
  2523 | D:3      | Noticed Jessica
  2529 | D:3      | Killed Jessica
  2529 | D:3      | Reached skill level 4 in Spellcasting
  2534 | D:3      | Learned a level 3 spell: Mephitic Cloud
  2673 | D:3      | Reached XP level 5. HP: 30/31 MP: 8/11
  3681 | D:4      | Reached skill level 1 in Fire Magic
  3801 | D:3      | Reached skill level 1 in Air Magic
  4021 | D:4      | Found a shimmering altar of Xom.
  4511 | D:4      | Reached XP level 6. HP: 26/36 MP: 8/12
  5353 | D:5      | Entered Level 5 of the Dungeon
  5762 | D:5      | Reached XP level 7. HP: 41/41 MP: 8/14
  6030 | D:5      | Reached skill level 5 in Spellcasting
  6849 | D:6      | Found a stormy altar of Qazlal.
  7110 | D:5      | HP: 2/41 [worker ant (1)]
  7111 | D:5      | Succumbed to a worker ant's poison

Vault maps used:
D:1:      onia_arrival_larder
D:2:      lemuel_crystal_altar, first_bread, minmay_tripent
D:3:      uniq_jessica
D:4:      overflow_temple_1_default
D:6:      ashenzari_altar_1, grunt_temple_overflow_open, temple_statues,
          minmay_door_square, nemelex_dance_club_becter

Skill      XL: |  1  2  3  4  5  6  7 |
---------------+----------------------+-----
Stealth        | 3 4 |  4.0
Conjurations   | 2 3 |  3.6
Spellcasting   | 4 5 |  5.6
Translocations | 2 |  2.0
Fire Magic     | 1 2 3 |  3.0
Air Magic      | 1 2 |  2.7
Dodging        | 3 |  3.0
Summonings     | |  1.0

Action                   |  1- 3 |  4- 6 |  7- 9 || total
-------------------------+-------+-------+-------++-------
Melee: Spear             |    26 |    18 |    15 ||    59
       Constrict         |    10 |     5 |     1 ||    16
       Tentacles         |     4 |     3 |     1 ||     8
 Cast: Magic Dart        |   102 |   245 |    96 ||   443
       Conjure Flame     |       |     5 |     2 ||     7
       Blink             |       |     3 |       ||     3
       Mephitic Cloud    |       |     1 |     1 ||     2
  Use: Scroll            |     6 |     5 |     3 ||    14
       Potion            |       |     1 |     6 ||     7
  Eat: Chunk             |     2 |    13 |     3 ||    18
Armor: Skin              |     4 |    10 |    14 ||    28
Dodge: Dodged            |    25 |    74 |    38 ||   137
